 Dungeon Crawl Stone Soup version 0.31-a0-1161-g593ecc88b7 (webtiles) character file.

Game seed: 12984586749957773900

34 Maratek the Trooper (level 3, 0/33 HPs)
             Began as a Draconian Fighter on Dec 8, 2023.
             Slain by a cerulean imp
             ... wielding a +2 spear
             ... summoned by Natasha
              (5 damage)
             ... on level 2 of the Dungeon.
             The game lasted 00:00:48 (942 turns).

Maratek the Trooper (Draconian Fighter)              Turns: 942, Time: 00:00:49

Health: 0/33       AC:  5    Str: 18    XL:     3   Next: 14%
Magic:  3/3        EV: 12    Int: 10    God:
Gold:   69         SH:  5    Dex: 10    Spells: 2/2 levels left

rFire   . . .        a - +0 war axe
rCold   . . .        b - +1 buckler
rNeg    . . .        (body armour unavailable)
rPois   .            (helmet restricted)
rElec   .            (no cloak)
rCorr   .            (no gloves)
SInv    .            (no boots)
Will    .....        (no amulet)
Stlth   +            (no ring)
HPRegen 0.25/turn    (no ring)
MPRegen 0.08/turn

%: no passive effects
@: slowed, very slow
A: AC +5, unfitting armour, cold-blooded
a: no special abilities


You were on level 2 of the Dungeon.
You visited 1 branch of the dungeon, and saw 2 of its levels.

You collected 69 gold pieces.

Inventory:

Hand Weapons
 a - a +0 war axe (weapon)
Armour
 b - a +1 buckler (worn)
Potions
 c - a potion of might
 d - a potion of heal wounds {unknown}
 e - a potion of curing {unknown}
 f - a potion of mutation {unknown}


   Skills:
 + Level 3.7 Fighting
 + Level 2.4 Axes
 + Level 3.0 Dodging
 + Level 3.3 Shields


You had 2 spell levels left.
You didn't know any spells.
Your spell library was empty.

Dungeon Overview and Level Annotations

Branches:
Dungeon (2/15)

Altars:

Annotations:
D:2 Natasha


Innate Abilities, Weirdness & Mutations

Your plain brown scales are hard. (AC +5)
You cannot fit into any form of body armour.
You are cold-blooded and may be slowed by cold attacks.


Message History

You are too injured to fight recklessly!
Unknown command.
You are too injured to fight recklessly!
Unknown command.
You miss Natasha.
Natasha is moderately wounded.
You block the cerulean imp's attack. The cerulean imp barely misses you.
Natasha closely misses you.
The cerulean imp hits you but does no damage.
You block the cerulean imp's attack.
The cerulean imp hits you but does no damage.
The cerulean imp closely misses you. Natasha closely misses you.
Unknown command.
You completely miss Natasha.
Your tail-slap misses Natasha.
Natasha is moderately wounded.
The cerulean imp misses you. You block the cerulean imp's attack.
Natasha closely misses you.
The cerulean imp hits you from afar with a +0 spear.
* * * LOW HITPOINT WARNING * * *
You block the cerulean imp's attack.
The cerulean imp hits you from afar with a +2 spear.
* * * LOW HITPOINT WARNING * * *
The cerulean imp hits you but does no damage.
Natasha closely misses you.
You hit Natasha but do no damage.
Natasha is moderately wounded.
The cerulean imp disappears in a puff of smoke!
You block the cerulean imp's attack.
The cerulean imp hits you but does no damage.
Natasha stares at you and mumbles some strange words.
The magic dart hits you.
* * * LOW HITPOINT WARNING * * *
The cerulean imp misses you. The cerulean imp barely misses you.
Natasha claws you.
* * * LOW HITPOINT WARNING * * *
You hit Natasha.
Natasha is heavily wounded.
A frilled lizard comes into view.
The cerulean imp hits you from afar with a +2 spear.
You die...

..... #.#......
............#.l......
............#>.......
.....................
.........#...........
.........#.....!#####
.........#........h
......)†)....!...^...
......†.†.@h.........
................###..
#.........5.5...# .
#.............#...
#.............# ..
..............# .
................
.....$...........
................


You could see Natasha, 2 cerulean imps and a frilled lizard (wandering).

Vanquished Creatures
  A bat (D:1)
  4 endoplasms
  A giant cockroach (D:1)
  7 goblins
  A hobgoblin (D:1)
  5 jackals
  A ball python (D:1)
  A frilled lizard (D:2)
  4 kobolds
  4 rats
29 creatures vanquished.

Notes
Turn   | Place    | Note
-------+----------+-------------------------------------------
     0 | D:1      | Maratek the Draconian Fighter began the quest for the Orb.
     0 | D:1      | Reached XP level 1. HP: 19/19 MP: 1/1
   422 | D:1      | Reached XP level 2. HP: 23/26 MP: 2/2
   920 | D:2      | Reached XP level 3. HP: 30/33 MP: 3/3
   929 | D:2      | Noticed Natasha
   942 | D:2      | Slain by a cerulean imp

Illustrated notes

Levels and vault maps discovered:
D:1:      minmay_arrival_split_and_join, layout_loops_corners, st_stairs_2
D:2:      layout_basic, nicolae_ecumenical_lake_church,
          minmay_worlds_worst_comb, uniq_natasha

Skill      XL: |  1  2 |
---------------+-------+-----
Dodging        | 3 |  3.0
Fighting       | |  3.7
Axes           | |  2.4
Shields        | |  3.3

Action                     || total
---------------------------++-------
  Melee: War axe           ||    68
         Tailslap          ||     5
    Use: Scroll            ||     1
   Stab: Sleeping          ||     2
 Armour: Skin              ||    53
  Dodge: Dodged            ||    53
  Block: Buckler           ||    36

Table legend: (Time is in decaauts)
 A = Elapsed time spent in this place.
 B = Non-inter-level travel time spent in this place.
 C = Inter-level travel time spent in this place.
 D = Time resting spent in this place.
 E = Time spent auto-exploring this place.
 F = Levels seen in this place.
 G = Mean time per level.
                   A        B        C        D        E       F      G
               +--------+--------+--------+--------+--------+-----+--------+
         Total |    975 |    965 |     10 |      0 |    796 |   2 |  487.5 |
       Dungeon |    975 |    965 |     10 |      0 |    796 |   2 |  487.5 |
               +--------+--------+--------+--------+--------+-----+--------+

Top non-repeatable levels by time:
     D:1: 929 daAuts
     D:2: 46 daAuts
